 Dungeon Crawl Stone Soup version 0.28.0-45-g0d030f2227 (webtiles) character file.

Game seed: 1549378776577355703

195 MisterFreud the Cudgeller (level 5, 0/43 HPs)
             Began as a Palentonga Fighter on Apr 13, 2022.
             Was a Believer of Ru.
             Slain by a mummy (12 damage)
             ... in an ossuary.
             The game lasted 00:03:42 (2691 turns).

MisterFreud the Cudgeller (Palentonga Fighter)      Turns: 2691, Time: 00:03:43

Health: 0/43       AC:  6    Str: 19    XL:     5   Next: 45%
Magic:  5/5        EV:  7    Int:  8    God:    Ru [**....]
Gold:   133        SH:  4    Dex: 12    Spells: 4/4 levels left

rFire   x . .      SeeInvis +   a - +0 flail
rCold   x . .      Faith    .   c - +0 buckler
rNeg    . . .      Spirit   .   b - +0 scale mail
rPois   .          Reflect  .   (no helmet)
rElec   .          Harm     .   (no cloak)
rCorr   .          Rampage  .   (no gloves)
Will    .....                   (no barding)
Stlth   ..........              (no amulet)
HPRegen 0.14/turn               (no ring)
MPRegen 0.09/turn               (no ring)

@: no status effects
A: large, rugged brown scales 3, see invisible, deformed body, temperature
sensitive, roll 1, armoured tail
a: Rolling Charge, Renounce Religion


You were in an ossuary.
You worshipped Ru.
Ru was pleased with you.
You visited 1 branch of the dungeon, and saw 4 of its levels.
You also visited: Ossuary.

You collected 133 gold pieces.

Inventory:

Hand Weapons
 a - a +0 flail (weapon)
Missiles
 q - 2 boomerangs
Armour
 b - a +0 scale mail (worn)
 c - a +0 buckler (worn)
Wands
 l - a wand of polymorph (11)
Scrolls
 e - a scroll of fear
 f - a scroll of fog
 h - a scroll of vulnerability
 i - a scroll of noise
 j - a scroll of magic mapping
 k - a scroll of amnesia
 o - 2 scrolls of teleportation {unknown}
 p - a scroll of immolation {unknown}
Potions
 d - a potion of might
 g - a potion of resistance {unknown}
 m - a potion of curing {unknown}
 n - a potion of lignification {unknown}


   Skills:
 - Level 3.1 Fighting
 + Level 5.5 Maces & Flails
 - Level 2.5 Armour
 - Level 2.5 Shields


You had 4 spell levels left.
You didn't know any spells.
Your spell library contained the following spells:

 Spells                   Type           Power      Damage    Failure   Level
 Shock                    Conj/Air       0%         1d3       85%         1
 Swiftness                Air            0%         N/A       99%         3
 Airstrike                Air            0%         N/A       100%        4


Dungeon Overview and Level Annotations

Branches:
Dungeon (4/15)            Ossuary (1/1)
 Temple: D:4-7

Altars:
Ru

Annotations:
D:3 2 runed translucent doors, dxctxrx's ghost, amateur GnFE


Innate Abilities, Weirdness & Mutations

You are completely covered in rugged brown scales. (AC +3, +7% HP)
You have supernaturally acute eyesight. (SInv)
Armour fits poorly on your strangely shaped body.
You are sensitive to extremes of temperature. (rF-, rC-)
You can roll at nearby foes to attack.
You have a long armoured tail.


Message History

You block the hobgoblin's attack.
You sock the hobgoblin!
You kill the hobgoblin!
You see here a hobgoblin corpse.
Found a sand-covered staircase.
A quokka zombie and a rat zombie come into view.
There is a sand-covered staircase here.
The world spins around you as you enter the gateway.
You enter an ossuary!
Found a gate leading back out of this place.
There is an empty arch of ancient stone here.
Unknown command.
Unknown command.
Unknown command.
Roll where?
Press: ? - help, Dir - move target, f - mummy
Aim: a mummy You roll forward with a clatter of scales!
You completely miss the mummy.
Unknown command.
Unknown command.
Unknown command.
You barely miss the mummy. The mummy hits you.
The mummy hits you but does no damage.
You hit the mummy.
The mummy is moderately damaged.
The mummy barely misses you. The mummy hits you but does no damage.
Unknown command.
You hit the mummy.
The mummy is heavily damaged.
The mummy hits you but does no damage.
You barely miss the mummy.
The mummy is heavily damaged.
You block the mummy's attack. The mummy hits you!
You barely miss the mummy.
The mummy is heavily damaged.
The mummy hits you!
* * * LOW HITPOINT WARNING * * *
The mummy hits you!
You die...

####
######@M#
#....MM##
+.∩.∩...#
#......##
######..#
####


You could see 3 mummies.

Vanquished Creatures
  Jessica (D:2)
  An iguana (D:3)
  An orc wizard (D:3)
  3 gnolls (D:3)
  2 adders (D:2)
  A worm (D:2)
  6 orcs
  4 endoplasms
  4 goblins
  10 hobgoblins
  5 jackals
  3 quokkas
  4 ball pythons
  7 bats
  4 frilled lizards (D:3)
  4 kobolds
  6 rats
66 creatures vanquished.

Vanquished Creatures (others)
  An orc (D:2)
  A goblin (D:3)
2 creatures vanquished.

Grand Total: 68 creatures vanquished

Notes
Turn   | Place    | Note
-------+----------+-------------------------------------------
     0 | D:1      | MisterFreud the Palentonga Fighter began the quest for the
                  | Orb.
     0 | D:1      | Reached XP level 1. HP: 19/19 MP: 1/1
   115 | D:1      | Reached XP level 2. HP: 12/25 MP: 2/2
   403 | D:1      | Found a faded altar of an unknown god.
   758 | D:1      | Prayed at the altar of an unknown god.
   758 | D:1      | Became a worshipper of Ru the Awakened
   772 | D:1      | Gained mutation: You are sensitive to extremes of
                  | temperature. (rF-, rC-) [Ru sacrifice]
   772 | D:1      | Reached * piety under Ru
   772 | D:1      | Reached ** piety under Ru
   836 | D:2      | Noticed Jessica
   847 | D:2      | Reached skill level 3 in Maces & Flails
   847 | D:2      | Reached XP level 3. HP: 17/31 MP: 3/3
   849 | D:2      | Killed Jessica
  1009 | D:2      | Reached skill level 4 in Maces & Flails
  1009 | D:2      | Reached XP level 4. HP: 30/37 MP: 4/4
  2019 | D:3      | Reached skill level 5 in Maces & Flails
  2019 | D:3      | Reached XP level 5. HP: 43/43 MP: 5/5
  2130 | D:3      | Found a runed translucent door.
  2459 | D:3      | Found a runed translucent door.
  2467 | D:3      | Noticed dxctxrx's ghost (amateur GnFE)
  2676 | D:4      | Found a sand-covered staircase.
  2684 | Ossuary  | Entered an ossuary
  2691 | Ossuary  | Slain by a mummy

Illustrated notes

Levels and vault maps discovered:
D:1:      dpeg_arrival_line_fractal, layout_rooms,
          hellmonk_ecumenical_altar_run_dry, minmay_misc_feat_columns,
          hangedman_abyss_or_decor_lesser_grid
D:2:      layout_loops_ring, minmay_heptomino_l4, uniq_jessica
D:3:      layout_loops_ring, ebering_ghost_sewer_f
D:4:      layout_loops_ring, enter_ossuary_4, minmay_shop_enchanted_jewellery,
          kennysheep_generic_room_4
Ossuary:  ossuary_minmay_chase

Skill      XL: |  1  2  3  4 |
---------------+-------------+-----
Maces & Flails | 3 4 5 |  5.5
Fighting       | |  3.1
Armour         | |  2.5
Shields        | |  2.5

Action                   |  1- 3 |  4- 6 || total
-------------------------+-------+-------++-------
Melee: Flail             |    83 |   110 ||   193
       Tailslap          |    10 |     9 ||    19
Invok: Sacrifice Resista |     1 |       ||     1
 Abil: Rolling Charge    |     7 |    18 ||    25
  Use: Scroll            |       |     6 ||     6
 Stab: Distracted        |     1 |       ||     1
Armor: Scale mail        |    33 |    39 ||    72
       Skin              |     8 |       ||     8
Dodge: Dodged            |    28 |    24 ||    52
Block: Buckler           |    11 |    22 ||    33
